 Dungeon Crawl Stone Soup version 0.22.1-2-g9c5b331 (webtiles) character file.

71 wyoknott the Vexing (level 4, -2/32 HPs)
             Began as a Formicid Arcane Marksman on Jan 2, 2019.
             Slain by Terence
             ... wielding a +0 flail of protection
              (8 damage)
             ... on level 2 of the Dungeon.
             The game lasted 00:06:31 (1031 turns).

wyoknott the Vexing (Formicid Arcane Marksman)      Turns: 1031, Time: 00:06:31

Health: -2/32      AC:  4    Str: 14    XL:     4   Next: 47%
Magic:  5/5        EV: 12    Int: 13    God:
Gold:   121        SH:  0    Dex: 12    Spells: 2/5 levels left

rFire    . . .     SeeInvis +   a - +0 hand crossbow
rCold    . . .     Gourm    .   (no shield)
rNeg     . . .     Faith    .   e - +0 robe
rPois    .         Spirit   .   (helmet unavailable)
rElec    .         Reflect  .   (no cloak)
rCorr    .         Harm     +   h - +1 pair of gloves
MR       .....                  (no boots)
Stlth    +.........             p - amulet of harm
HPRegen  0.10/turn              (no ring)
MPRegen  0.09/turn              (no ring)

@: no status effects
A: permanent stasis, dig shafts and tunnels, four strong arms, antennae 3
a: Dig, Shaft Self


You were on level 2 of the Dungeon.
You were not hungry.

You visited 1 branch of the dungeon, and saw 2 of its levels.

You collected 121 gold pieces.

Inventory:

Hand Weapons
 a - a +0 hand crossbow (weapon)
Missiles
 d - 18 bolts (quivered)
Armour
 e - a +0 robe (worn)
 h - a +1 pair of gloves (worn)
Jewellery
 p - an amulet of harm (around neck)
Scrolls
 b - 2 scrolls of teleportation
 g - 2 scrolls of immolation
 j - 2 scrolls of fear {unknown}
 m - 2 scrolls of magic mapping {unknown}
 n - a scroll of enchant armour {unknown}
 o - a scroll of identify
Potions
 c - 2 potions of brilliance {unknown}
 i - a potion of invisibility
 k - 2 potions of flight {unknown}
 l - a potion of lignification {unknown}
Comestibles
 f - 2 rations


   Skills:
 + Level 1.2 Fighting
 + Level 3.6 Crossbows
 + Level 1.9 Dodging
 + Level 1.1 Spellcasting
 + Level 4.4 Hexes


You had 2 spell levels left.
You knew the following spells:

 Your Spells              Type           Power        Failure   Level  Hunger
a - Corona                Hex            ##.....      4%          1    ##.....
b - Slow                  Hex            ##......     7%          2    ###....

Your spell library contained the following spells:

 Spells                   Type           Power        Failure   Level  Hunger
 Inner Flame              Hex/Fire       #.......     32%         3    ####...
 Portal Projectile        Hex/Tloc       #.....       32%         3    ####...
 Cause Fear               Hex            ##........   41%         4    #####..
 Leda's Liquefaction      Hex/Erth       #.........   73%         4    #####..


Dungeon Overview and Level Annotations

Branches:
Dungeon (2/15)

Altars:

Annotations:
D:2 Terence


Innate Abilities, Weirdness & Mutations

You cannot be hasted, slowed, berserked, paralysed or teleported.
You can dig through walls and to a lower floor.
Your four strong arms can wield two-handed weapons with a shield.
You have a pair of large antennae on your head. (SInv)


Message History

Firing (i - inventory)
d - 21 bolts (quivered)
Press: ? - help, Shift-Dir - straight line, f/p - Terence
Aim: Terence, wielding a flail of protection and wearing a glowing ring mail You shoot a bolt.
The bolt closely misses Terence.
Terence says, "Rest in peace."
Terence hits you with a flail of protection!
Firing (i - inventory)
d - 20 bolts (quivered)
Press: ? - help, Shift-Dir - straight line, f/p - Terence
Aim: Terence, wielding a flail of protection and wearing a glowing ring mail You shoot a bolt.
The bolt barely misses Terence.
Terence hits you with a flail of protection!
* * * LOW HITPOINT WARNING * * *
Firing (i - inventory)
d - 19 bolts (quivered)
Press: ? - help, Shift-Dir - straight line, f/p - Terence
Aim: Terence, wielding a flail of protection and wearing a glowing ring mail You shoot a bolt.
The bolt hits Terence but does no damage.
Terence is heavily wounded.
Terence hits you with a flail of protection!
You die...

##........####.#.#
##......## #.#.# #.
#.#.# ##### .# #(#.#
#...# .## #...# #...#
.#######
#######...####...#
..............##.#######
#######...###...@@.....(
#...# ###.(....... #...#
##........ #####
#........ #........
#........ #!.......
#(.......


You could see Terence.

Vanquished Creatures
  3 adders (D:2)
  A worm (D:2)
  A dart slug (D:1)
  A leopard gecko (D:1)
  5 bats
  3 giant cockroaches (D:1)
  7 goblins
  5 hobgoblins
  3 jackals (D:2)
  2 kobolds
  A ball python (D:1)
  4 rats
36 creatures vanquished.

Notes
Turn   | Place    | Note
-------+----------+-------------------------------------------
     0 | D:1      | wyoknott the Formicid Arcane Marksman began the quest for
                  | the Orb.
     0 | D:1      | Reached XP level 1. HP: 15/15 MP: 2/2
   107 | D:1      | Reached skill level 4 in Hexes
   107 | D:1      | Reached XP level 2. HP: 18/21 MP: 3/3
   124 | D:1      | Learned a level 2 spell: Slow
   325 | D:1      | Reached XP level 3. HP: 26/26 MP: 4/4
   978 | D:2      | Reached XP level 4. HP: 27/32 MP: 5/5
  1019 | D:2      | Noticed Terence
  1031 | D:2      | Slain by Terence

Skill      XL: |  1  2  3 |
---------------+----------+-----
Hexes          | 4 |  4.4
Crossbows      | 3 |  3.6
Fighting       | |  1.2
Dodging        | |  1.9
Spellcasting   | |  1.1

Action                   |  1- 3 |  4- 6 || total
-------------------------+-------+-------++-------
 Fire: Hand crossbow     |    65 |    15 ||    80
  Use: Scroll            |     3 |       ||     3
Armor: Robe              |     7 |     2 ||     9
Dodge: Dodged            |    23 |     3 ||    26
